 Dungeon Crawl Stone Soup version 0.20-b1-24-gb21faa7 (webtiles) character file.

23 miragecloak the Changer (level 3, 3/23 HPs)
             Began as an Octopode Transmuter on May 25, 2017.
             Quit the game on level 3 of the Dungeon.
             The game lasted 00:00:55 (924 turns).

miragecloak the Changer (Octopode Transmuter)        Turns: 924, Time: 00:00:56

Health: 3/23       AC:  1    Str:  9    XL:     3   Next: 0%
Magic:  3/6        EV: 13    Int: 15    God:
Gold:   95         SH:  0    Dex: 13    Spells: 2/6 levels left

rFire    . . .     SeeInvis .     - Unarmed
rCold    . . .     Gourm    .   (no shield)
rNeg     . . .     Faith    .   (helmet restricted)
rPois    .         Spirit   .   (no amulet)
rElec    .         Reflect  .   (no ring)
rCorr    .         Harm     .   (no ring)
MR       .....                  (no ring)
Stlth    ++........             (no ring)
Regen    0.1/turn               (no ring)
MPRegen  0.1/turn               (no ring)
                                (no ring)
                                (no ring)

@: very slightly contaminated
A: almost no armour, stealthy swim, amphibious, 8 rings, constrict 8, camouflage
1, gelatinous body 1
a: no special abilities


You were on level 3 of the Dungeon.
You were hungry.

You visited 1 branch of the dungeon, and saw 3 of its levels.

You collected 95 gold pieces.

Inventory:

Missiles
 a - 12 arrows
Jewellery
 n - a cursed ring of loudness {unknown}
Scrolls
 d - a scroll of fog {unknown}
 e - a scroll of blinking {unknown}
 f - a scroll of teleportation {unknown}
 i - a scroll of immolation {unknown}
 j - a scroll of identify {unknown}
 k - 2 scrolls of recharging {unknown}
Potions
 g - a potion of curing {unknown}
 h - a potion of berserk rage {unknown}
 l - a potion of mutation {unknown}
 m - a potion of haste {unknown}
Books
 b - a book of Changes

   Spells                             Type                      Level
   a - Beastly Appendage              Transmutation                1
   b - Sticks to Snakes               Transmutation                2
   c - Spider Form                    Transmutation/Poison         3
   d - Ice Form                       Ice/Transmutation            4
   e - Blade Hands                    Transmutation                5
Comestibles
 c - a bread ration
 o - a chunk of flesh


   Skills:
 - Level 1.0 Fighting
 - Level 2.0 Dodging
 - Level 3.0 Unarmed Combat
 - Level 2.0 Spellcasting
 + Level 3.3 Transmutations
 + Level 0.0 Poison Magic


You had 2 spell levels left.
You knew the following spells:

 Your Spells              Type           Power        Failure   Level  Hunger
a - Beastly Appendage     Tmut           ##....       5%          1    #......
b - Spider Form           Tmut/Pois      #.........   32%         3    ###....


Dungeon Overview and Level Annotations

Branches:
Dungeon (3/15)

Altars:


Innate Abilities, Weirdness & Mutations

You cannot wear most types of armour.
You are very stealthy in the water. (Stealth+)
You are amphibious.
You can wear up to eight rings at the same time.
You can use your tentacles to constrict eight enemies at once.
Your skin changes colour to match your surroundings (Stealth+).
Your rubbery body absorbs attacks. (AC +1, EV +1)


Message History

The orc wizard casts a spell.
The orc wizard seems to speed up.
An adder comes into view.
The adder hisses angrily.
Found 6 gold pieces.
The adder misses you. The adder barely misses you. The rat misses you.
The adder barely misses you. The goblin hits you with a club.
The adder completely misses you. The adder misses you.
The goblin hits you with a club.
You tentacle-slap the ooze. Your squeeze misses the ooze.
The ooze is lightly wounded.
The adder bites you.
* * * LOW HITPOINT WARNING * * *
The ooze hits you.
* * * LOW HITPOINT WARNING * * *
The rat closely misses you. The goblin barely misses you.
The adder closely misses you.
Are you sure you want to abandon this character and quit the game? (Confirm with "yes".)

#.#......
#.#...[.. #o#
##### #o# #.#
#o#########
###.K.......#
#.?JgS......#
#...@r......#
#......######
#......#
#......#
#$.....#
#......#
........
#....##...


You could see an orc wizard, an ooze, an adder, 2 orcs, a goblin, a kobold and a
rat.

Vanquished Creatures
  A dart slug (D:1)
  2 bats (D:1)
  2 giant cockroaches (D:1)
  3 goblins (D:1)
  2 hobgoblins (D:1)
  2 jackals (D:1)
  3 kobolds (D:1)
  A frilled lizard (D:1)
  2 rats (D:1)
18 creatures vanquished.

Notes
Turn   | Place    | Note
-------+----------+-------------------------------------------
     0 | D:1      | miragecloak the Octopode Transmuter began the quest for the Orb.
     0 | D:1      | Reached XP level 1. HP: 13/13 MP: 3/3
   131 | D:1      | Reached XP level 2. HP: 15/18 MP: 3/5
   820 | D:1      | Reached XP level 3. HP: 21/23 MP: 6/6
   822 | D:1      | Noticed a phantom
   827 | D:1      | Learned a level 3 spell: Spider Form
   924 | D:3      | Quit the game

Skill      XL: |  1  2 |
---------------+-------+-----
Transmutations | 3 |  3.3
Fighting       | |  1.0
Dodging        | |  2.0
Unarmed Combat | |  3.0
Spellcasting   | |  2.0

Action                   || total
-------------------------++-------
Melee: Unarmed           ||    44
       Constrict         ||    13
       Tentacles         ||     9
       Kick              ||     7
 Cast: Beastly Appendage ||    18
 Stab: Sleeping          ||     2
Armor: Skin              ||     7
Dodge: Dodged            ||    27
